 Dungeon Crawl Stone Soup version 0.21-a0-178-g0b87683 (webtiles) character file.

59 rin1221 the Gusty (level 3, -1/19 HPs)
             Began as a Deep Elf Air Elementalist on Aug 9, 2017.
             Slain by a worm (9 damage)
             ... on level 2 of the Dungeon.
             The game lasted 00:03:36 (1166 turns).

rin1221 the Gusty (Deep Elf Air Elementalist)       Turns: 1166, Time: 00:03:37

Health: -1/19      AC:  3    Str:  6    XL:     3   Next: 78%
Magic:  0/9        EV: 13    Int: 19    God:
Gold:   75         SH:  0    Dex: 15    Spells: 2/8 levels left

rFire    . . .     SeeInvis .   n - +3 dagger
rCold    . . .     Gourm    .   (no shield)
rNeg     . . .     Faith    .   a - +0 robe
rPois    .         Spirit   .   (no helmet)
rElec    .         Reflect  .   (no cloak)
rCorr    +         Harm     .   (no gloves)
MR       .....                  g - +0 pair of boots
Stlth    ++........             (no amulet)
HPRegen  0.06/turn              j - ring of resist corrosion
MPRegen  0.11/turn              (no ring)

@: no status effects
A: no striking features
a: no special abilities


You were on level 2 of the Dungeon.
You were not hungry.

You visited 1 branch of the dungeon, and saw 2 of its levels.

You collected 75 gold pieces.

Inventory:

Hand Weapons
 n - a +3 dagger (weapon)
Missiles
 d - 125 stones (quivered)
 e - 43 arrows
 k - 18 poisoned needles
Armour
 a - a +0 robe (worn)
 g - a +0 pair of boots (worn)
Jewellery
 j - a ring of resist corrosion (left hand)
Scrolls
 i - a scroll of magic mapping {unknown}
 p - a scroll of remove curse {unknown}
 q - a scroll of teleportation {unknown}
Potions
 f - 2 potions of heal wounds {unknown}
 l - a potion of agility {unknown}
 m - a potion of resistance {unknown}
 o - a potion of ambrosia {unknown}
Books
 b - a book of Air

   Spells                             Type                      Level
   a - Shock                          Conjuration/Air              1
   b - Swiftness                      Charms/Air                   2
   c - Static Discharge               Conjuration/Air              3
   d - Airstrike                      Air                          4
   e - Lightning Bolt                 Conjuration/Air              5
Comestibles
 c - a bread ration


   Skills:
 - Level 3.0 Dodging
 - Level 2.4 Stealth
 + Level 3.1 Spellcasting
 * Level 2.9 Conjurations
 + Level 1.5 Charms
 + Level 3.3 Air Magic


You had 2 spell levels left.
You knew the following spells:

 Your Spells              Type           Power        Failure   Level  Hunger
a - Shock                 Conj/Air       ##..         4%          1    None
b - Swiftness             Chrm/Air       ##......     9%          2    ##.....
c - Static Discharge      Conj/Air       ##......     12%         3    ###....


Dungeon Overview and Level Annotations

Branches:
Dungeon (2/15)

Altars:
Ashenzari


Message History

Aim: a worm (severely wounded)
The zap misses the worm.
Casting: Shock
Confirm with . or Enter, or press ? or * to list all spells.
Aiming: Shock
Press: ? - help, Shift-Dir - straight line, f/p - worm
Aim: a worm (severely wounded)
The zap hits the worm.
The worm is almost dead.
The worm bites you!
Ouch! That really hurt!
Casting: Shock
Confirm with . or Enter, or press ? or * to list all spells.
Aiming: Shock
Press: ? - help, Shift-Dir - straight line, f/p - worm
Aim: a worm (almost dead)
The zap hits the worm.
The worm is almost dead.
The worm bites you!
You die...

#### ..#
#.#######
#@.......
##.w#####.
########...#
.........#.#
########...#
##..#####.#
#........#
#######.###.####
#.......###.#


You could see a worm.

Vanquished Creatures
  3 adders (D:2)
  A dart slug (D:2)
  A leopard gecko (D:2)
  3 bats
  A giant cockroach (D:2)
  4 goblins
  3 hobgoblins (D:1)
  5 kobolds
  A quokka (D:2)
  3 frilled lizards (D:1)
  3 rats
28 creatures vanquished.

Notes
Turn   | Place    | Note
-------+----------+-------------------------------------------
     0 | D:1      | rin1221 the Deep Elf Air Elementalist began the quest for the Orb.
     0 | D:1      | Reached XP level 1. HP: 10/10 MP: 6/6
   375 | D:1      | Reached XP level 2. HP: 15/15 MP: 4/8
   379 | D:1      | Learned a level 2 spell: Swiftness
   831 | D:2      | Reached skill level 1 in Charms
   833 | D:2      | Reached XP level 3. HP: 19/19 MP: 2/9
   905 | D:2      | Learned a level 3 spell: Static Discharge
   982 | D:2      | Found a shattered altar of Ashenzari.
  1166 | D:2      | Slain by a worm

Vault maps used:
D:1:      dpeg_arrival_castle
D:2:      evilmike_ruin_ashenzari

Skill      XL: |  1  2 |
---------------+-------+-----
Dodging        | 3 |  3.0
Conjurations   | 2 |  2.9
Charms         | 1 |  1.5
Stealth        | |  2.4
Spellcasting   | |  3.1
Air Magic      | |  3.3

Action                   || total
-------------------------++-------
Melee: Unarmed           ||     1
 Cast: Shock             ||    62
  Use: Scroll            ||     1
  Eat: Chunk             ||     1
Armor: Robe              ||     4
Dodge: Dodged            ||    18
